AoeStats
← DS_Kvothe

Arabia

509646759Analyzed
1v1 RM · 5d ago on Sep 27, 2026· 89m 52s· 2 players
Game mode
Random Map
Map size
Tiny (2 player)
Population
200
Speed
Normal
Resources
Standard
Victory
Conquest
Starting age
Dark Age
Ending age
Imperial Age
RankedLock teamsTeams togetherTeam positionsShared explorationLock speedFull tech treeHidden civsTurbo modeCheats
Victory
Defeat
🇹🇼 Huns · Taiwan
2041
+11
🇦🇷 Shu · Argentina
1934
-11
DS_Kvothe
6:29 Loom
9:00 Feudal Age
9:54 Double-Bit Axe
13:43 Horse Collar
14:54 Padded Archer Armor
14:45 Fletching
20:43 Gold Mining
22:55 Castle Age
23:16 Crossbowman
23:57 Bodkin Arrow
24:30 Bow Saw
25:12 Thumb Ring
30:23 Wheelbarrow
30:26 Ballistics
30:55 Leather Archer Armor
34:20 Imperial Age
32:13 Pikeman
32:53 Squires
33:16 Squires
35:17 Bracer
37:04 Chemistry
38:04 Conscription
40:49 Ring Archer Armor
40:22 Scale Mail Armor
40:33 Forging
42:02 Town Watch
42:54 Chain Mail Armor
42:50 Forging
42:22 Halberdier
44:51 Arbalester
47:28 Plate Mail Armor
47:09 Forging
48:45 Bolt Magazine
49:41 Ring Archer Armor
51:19 Hand Cart
51:44 Masonry
51:48 Coiled Serpent Array
52:21 Heavy Plow
55:10 Hoardings
55:08 Architecture
55:33 Elite White Feather Guard
56:29 Arson
57:02 Siege Engineers
62:55 Two-Man Saw
62:51 Elite Skirmisher
63:47 Elite White Feather Guard
71:08 Capped Ram
72:17 Siege Ram
小米粒
5:40 Loom
8:46 Feudal Age
9:20 Double-Bit Axe
14:52 Fletching
17:12 Scale Barding Armor
21:52 Castle Age
20:16 Gold Mining
20:17 Horse Collar
21:08 Padded Archer Armor
21:46 Bloodlines
22:29 Bodkin Arrow
22:48 Elite Skirmisher
27:36 Bow Saw
29:57 Ballistics
30:51 Wheelbarrow
32:40 Hand Cart
37:52 Imperial Age
37:11 Husbandry
37:32 Town Watch
38:04 Marauders
38:23 Heavy Plow
38:56 Chain Barding Armor
40:50 Chemistry
41:06 Two-Man Saw
41:21 Plate Barding Armor
41:23 Bracer
41:54 Forging
41:19 Capped Ram
42:28 Leather Archer Armor
42:59 Stone Mining
42:45 Siege Ram
42:58 Light Cavalry
44:52 Iron Casting
47:07 Hussar
51:10 Thumb Ring
51:30 Parthian Tactics
51:32 Heavy Cavalry Archer
54:10 Guilds
56:49 Blast Furnace
Connection lost

Rejoining the realm…

Still unreachable

The connection could not be restored.

Session expired

The server has moved on; the page needs a fresh start.